 Dungeon Crawl Stone Soup version 0.21.1-1-g345015f (console) character file.

4074 Homage the Quickloader (level 10, -6/78 HPs)
             Began as a Centaur Hunter on June 5, 2018.
             Was a Believer of Okawaru.
             Shot with a sling bullet by Joseph (16 damage)
             ... on level 7 of the Dungeon on June 10, 2018.
             The game lasted 00:40:19 (11711 turns).

Homage the Quickloader (Centaur Hunter)            Turns: 11711, Time: 00:40:19

Health: -6/78      AC:  9    Str: 15    XL:     10   Next: 5%
Magic:  0/13       EV: 11    Int: 15    God:    Okawaru [**....]
Gold:   399        SH:  0    Dex: 11    Spells: 11/13 levels left

rFire    . . .     SeeInvis .   a - +1 hand crossbow
rCold    . . .     Gourm    .   (no shield)
rNeg     . . .     Faith    .   u - +3 leather armour
rPois    .         Spirit   +   r - +0 helmet
rElec    .         Reflect  .   w - scarf {Spirit}
rCorr    .         Harm     .   (no gloves)
MR       .....                  (no barding)
Stlth    +.........             (no amulet)
HPRegen  0.23/turn              s - +3 ring of intelligence
MPRegen  0.13/turn              h - ring of wizardry

@: very quick
A: large, hooves 3, deformed body, speed 2, tough skin 3
a: Heroism, Renounce Religion


You were on level 7 of the Dungeon.
You worshipped Okawaru.
Okawaru was pleased with you.
You were not hungry.

You visited 2 branches of the dungeon, and saw 8 of its levels.

You collected 399 gold pieces.


Innate Abilities, Weirdness & Mutations

You have hooves in place of feet.
Armour fits poorly on your strangely shaped body.
You cover ground very quickly.
You have extremely tough skin. (AC +3)


   Skills:
 - Level 4.0 Fighting
 - Level 11.0 Crossbows
 - Level 5.2 Armour
 - Level 5.1 Dodging
 - Level 0.4 Stealth
 - Level 2.0 Spellcasting
 + Level 2.5 Translocations


You had 11 spell levels left.
You knew the following spells:

 Your Spells              Type           Power        Failure   Level  Hunger
v - Blink                 Tloc           N/A          6%          2    ###....

Inventory:

Hand Weapons
 a - a +1 hand crossbow (weapon)
 b - a +2 dagger of holy wrath
 c - a +2 dagger of venom
Missiles
 d - a throwing net
 m - 7 bolts (quivered)
Armour
 r - a +0 helmet (worn)
 u - a +3 leather armour (worn)
 w - a scarf of spirit shield (worn)
Magical Staves
 n - an uncursed staff of power {!a}
Jewellery
 h - a ring of wizardry (right hand)
 s - a +3 ring of intelligence (left hand)
Wands
 p - a wand of acid (9)
 v - a wand of enslavement (3)
 y - a wand of clouds (4)
Scrolls
 e - 2 scrolls of magic mapping
 g - 4 scrolls of remove curse
 l - a scroll of enchant weapon
 q - a scroll of teleportation
 A - 2 scrolls of immolation
Potions
 i - 2 potions of magic
 j - a potion of flight
 o - a potion of brilliance
 t - a potion of heal wounds
 x - a potion of lignification {!q}
 z - a potion of curing
Comestibles
 f - 18 rations
 k - 3 chunks of flesh


Message History

You shoot a bolt. The bolt hits Joseph!
Joseph is heavily wounded.
Joseph shoots a sling bullet.
The sling bullet closely misses you.
Firing (i - inventory. (,) - cycle):
m - 9 bolts (quivered)
Press: ? - help, Shift-Dir - straight line, f/p - Joseph
Aim: Joseph, wielding a hunting sling and wearing a ring mail (heavily wounded)
You shoot a bolt. The bolt hits Joseph.
Joseph is severely wounded.
Joseph shoots a sling bullet.
The sling bullet hits you!!
Firing (i - inventory. (,) - cycle):
m - 8 bolts (quivered)
Press: ? - help, Shift-Dir - straight line, f/p - Joseph
Aim: Joseph, wielding a hunting sling and wearing a ring mail (severely wounded)
You shoot a bolt. The bolt hits Joseph!
Joseph is almost dead.
Joseph shoots a sling bullet.
The sling bullet hits you!
* * * LOW HITPOINT WARNING * * *
Joseph shoots a sling bullet.
The sling bullet hits you!
* * * LOW HITPOINT WARNING * * *
Joseph shoots a sling bullet.
The sling bullet hits you!
You die...

#...).#................#
..)...#............@...#
......#................#
......#..7..7....7..7..#
.(....#...............[#
......#................#
#.....#..7..7....7..7..#
......#................#
......#.$.......@.((...#
......##################
..........#........#
.@.................#
..........##.#######
..........##.#
#####.#..>#..#
...#........##
...###.....##


You could see Joseph.

Vanquished Creatures
  Prince Ribbit (D:5)
  2 hippogriffs
  Sigmund (D:4)
  A yak (D:6)
  A human (D:6)
  Eustachio (D:4)
  3 hogs (D:6)
  2 ice beasts
  3 ogres
  2 sky beasts
  A centaur (D:5)
  4 bullfrogs
  3 scorpions
  4 killer bees
  4 howler monkeys
  2 crimson imps
  A centaur zombie (D:5)
  5 hounds
  4 orc priests
  Crazy Yiuf (D:2)
  An iguana (D:5)
  8 orc wizards
  A bullfrog skeleton (D:7)
  Ijyb (D:2)
  Terence (D:2)
  6 worker ants
  Robin (D:3)
  A howler monkey skeleton (D:4)
  7 adders
  2 shadow imps
  An adder zombie (D:7)
  A worm (D:2)
  3 dart slugs
  4 leopard geckos
  22 orcs
  A ball python (D:4)
  4 giant cockroaches
  24 goblins
  6 hobgoblins (D:1)
  2 quokkas
  7 bats
  4 frilled lizards
  4 jackal skeletons
  5 kobolds
  A leopard gecko skeleton (D:4)
  2 quokka zombies
  6 rats
172 creatures vanquished.

Notes
Turn   | Place    | Note
-------+----------+-------------------------------------------
     0 | D:1      | Homage the Centaur Hunter began the quest for the Orb.
     0 | D:1      | Reached XP level 1. HP: 17/17 MP: 1/1
   256 | D:1      | Reached XP level 2. HP: 24/24 MP: 2/2
   277 | D:1      | Reached skill level 5 in Crossbows
   870 | D:2      | Reached XP level 3. HP: 26/29 MP: 3/3
  1292 | D:2      | Reached skill level 6 in Crossbows
  1577 | D:2      | Found a runed door.
  1654 | D:2      | HP: 5/29 [poisoned by an adder]
  1661 | D:2      | HP: 3/29 [poisoned by an adder]
  1666 | D:2      | HP: 3/29 [poisoned by an adder]
  1671 | D:2      | HP: 2/29 [poisoned by an adder]
  1677 | D:2      | HP: 1/29 [poisoned by an adder]
  1994 | D:2      | Reached XP level 4. HP: 36/36 MP: 4/4
  2117 | D:2      | Found an ornate altar of the Wu Jian Council.
  2185 | D:2      | Found a deep blue altar of Sif Muna.
  2260 | D:2      | Noticed Ijyb
  2278 | D:2      | Paralysed by Ijyb for 4 turns
  2297 | D:2      | Paralysed by Ijyb for 5 turns
  2314 | D:2      | Paralysed by Ijyb for 6 turns
  2342 | D:2      | Paralysed by Ijyb for 6 turns
  2455 | D:2      | Killed Ijyb
  2526 | D:2      | Noticed Terence
  2534 | D:2      | Killed Terence
  2761 | D:2      | Reached skill level 7 in Crossbows
  2761 | D:2      | Reached XP level 5. HP: 19/41 MP: 5/5
  3027 | D:2      | Noticed Crazy Yiuf
  3045 | D:2      | Killed Crazy Yiuf
  3124 | D:3      | Found a glowing golden altar of the Shining One.
  3148 | D:3      | Found a shattered altar of Ashenzari.
  3148 | D:3      | Found a blossoming altar of Fedhas.
  3149 | D:3      | Found a burning altar of Makhleb.
  3150 | D:3      | Found a radiant altar of Vehumet.
  3150 | D:3      | Found a hazy altar of Hepliaklqana.
  3154 | D:3      | Became a worshipper of the Shining One
  3188 | D:3      | Learned a level 2 spell: Blink
  3361 | D:3      | Noticed Robin
  3405 | D:3      | Killed Robin
  4292 | D:4      | Reached skill level 8 in Crossbows
  4292 | D:4      | Reached XP level 6. HP: 40/48 MP: 6/6
  4586 | D:4      | Noticed Eustachio
  4625 | D:4      | Killed Eustachio
  4625 | D:4      | Reached skill level 9 in Crossbows
  4625 | D:4      | Reached XP level 7. HP: 33/55 MP: 7/7
  4751 | D:4      | Noticed Sigmund
  4757 | D:4      | Killed Sigmund
  4776 | D:4      | Found Erchasem's Book Emporium.
  4835 | D:4      | Reached skill level 10 in Crossbows
  5194 | D:4      | Reached skill level 3 in Dodging
  5198 | D:4      | Reached XP level 8. HP: 51/61 MP: 8/8
  5232 | D:4      | Reached skill level 1 in Armour
  5525 | D:5      | Entered Level 5 of the Dungeon
  5564 | D:5      | Noticed Prince Ribbit
  5775 | D:5      | Killed Prince Ribbit
  5775 | D:5      | Reached skill level 3 in Armour
  5942 | D:5      | Found Izogh's Assorted Antiques.
  5954 | D:5      | Reached * piety under the Shining One
  6260 | D:5      | Found a staircase to the Ecumenical Temple.
  6296 | D:5      | Noticed a hippogriff
  6347 | Temple   | Entered the Ecumenical Temple
  6358 | Temple   | Fell from the grace of the Shining One
  6358 | Temple   | Became a worshipper of Warmaster Okawaru
  6423 | Temple   | Killed a hippogriff
  6637 | D:4      | HP: 11/61 [killer bee (6)]
  6643 | D:4      | HP: 8/61 [poisoned by a killer bee]
  6649 | D:4      | HP: 8/61 [poisoned by a killer bee]
  6657 | D:4      | HP: 7/61 [poisoned by a killer bee]
  7719 | D:5      | Reached XP level 9. HP: 46/67 MP: 5/9
  8271 | D:5      | Found a bloodstained altar of Trog.
  8310 | D:5      | Reached skill level 1 in Translocations
  8380 | D:6      | Reached skill level 1 in Spellcasting
  8695 | D:6      | Reached * piety under Okawaru
  9433 | D:7      | Reached skill level 11 in Crossbows
  9624 | D:7      | Reached skill level 3 in Fighting
 10426 | D:6      | Reached ** piety under Okawaru
 10987 | D:7      | Reached XP level 10. HP: 57/78 MP: 8/13
 11101 | D:7      | Found a white marble altar of Elyvilon.
 11148 | D:7      | Noticed Joseph
 11709 | D:7      | HP: 9/78 [Joseph/sling bullet (7)]
 11711 | D:7      | Shot with a sling bullet by Joseph

Vault maps used:
D:1:      doesnt_arrival_eight_statues
D:2:      kennysheep_the_goblin_king, old_standard_altar, led_sif_pool,
          uniq_terence, uniq_crazy_yiuf_cottage
D:3:      grunt_temple_overflow_open, uniq_robin, uniq_ijyb
D:4:      serial_shops, nicolae_shop_crystal, uniq_sigmund, uniq_eustachio
D:5:      kennysheep_mini, temple_fountains, serial_shops, shop, first_ration,
          uniq_prince_ribbit1
D:7:      kennysheep_mini_moat, hangedman_decor_riveting, grunt_livestock,
          kennysheep_dice, uniq_joseph
Temple:   cyrus_circular_temple

Action                   |  1- 3 |  4- 6 |  7- 9 | 10-12 || total
-------------------------+-------+-------+-------+-------++-------
Melee: Short sword       |    41 |    54 |       |       ||    95
       Kick              |     6 |    13 |    45 |     2 ||    66
       Dagger            |       |    19 |   194 |     8 ||   221
 Fire: Hand crossbow     |    56 |   107 |   264 |    21 ||   448
Throw: Throwing net      |       |       |     1 |       ||     1
  Use: Scroll            |     2 |     4 |     7 |     1 ||    14
       Potion            |     1 |       |     5 |       ||     6
  Eat: Chunk             |     2 |     7 |    14 |     2 ||    25
       Ration            |       |       |     1 |       ||     1
Armor: Leather armour    |     3 |       |   108 |     9 ||   120
       Ring mail         |    39 |    22 |       |       ||    61
       Scale mail        |       |    70 |    26 |       ||    96
Dodge: Dodged            |    38 |    66 |   198 |    11 ||   313
